 Dungeon Crawl Stone Soup version 0.24.0-2-g5b39cebb1c (webtiles) character file.

Game seed: 15818512633196940185, levelgen mode: deterministic

13330 skelma the Basher (level 12, -16/100 HPs)
             Began as a Ghoul Fighter on Oct 29, 2019.
             Was a Priest of Makhleb.
             Demolished by a minotaur
             ... wielding the +8 glaive of the Guard {elec, +Rage AC+5 SInv}
              (20 damage)
             ... in a Gauntlet.
             The game lasted 00:29:26 (8763 turns).

skelma the Basher (Ghoul Fighter)                   Turns: 8763, Time: 00:29:30

Health: -16/100    AC: 18    Str: 25      XL:     12   Next: 4%
Magic:  16/16      EV:  6    Int:  2 (3)  God:    Makhleb [***...]
Gold:   615        SH: 12    Dex:  8      Spells: 11/11 levels left

rFire    . . .     SeeInvis .   u - +2 demon whip (vamp)
rCold    + . .     Gourm    .   q - +2 shield
rNeg     + + +     Faith    .   s - +2 plate armour {rPois}
rPois    ∞         Spirit   .   H - +1 hat
rElec    .         Reflect  .   (no cloak)
rCorr    .         Harm     .   a - +2 pair of gloves
MR       .....     NoTele   +   (no boots)
Stlth    ..........             (no amulet)
HPRegen  0.00/turn              m - ring of poison resistance (curse)
MPRegen  0.15/turn              v - ring of flight

@: rotting, invisible
A: rotting body, claws 1, carnivore, cold resistance 1, negative energy
resistance 3, inhibited regeneration, torment resistance, unbreathing
a: Minor Destruction, Lesser Servant of Makhleb, Renounce Religion, Evoke Flight


You were in a Gauntlet.
You worshipped Makhleb.
Makhleb was most pleased with you.
You were not hungry.

You visited 3 branches of the dungeon, and saw 12 of its levels.
You also visited: Gauntlet.

You collected 615 gold pieces.

Inventory:

Hand Weapons
 u - a +2 vampiric demon whip (weapon)
Missiles
 y - 3 throwing nets (quivered)
Armour
 a - a +2 pair of gloves (worn)
 b - a +0 shield
 p - a +1 chain mail
 q - a +2 shield (worn)
 s - a +2 plate armour of poison resistance (worn)
 H - a +1 hat (worn)
Jewellery
 c - an uncursed ring of positive energy
 m - a cursed ring of poison resistance (left hand)
 r - an uncursed amulet of magic regeneration {unknown}
 t - an uncursed amulet of harm
 v - a ring of flight (right hand)
 E - a cursed ring of attention {unknown}
 J - an uncursed ring of protection from magic {unknown}
Wands
 B - a wand of clouds (4)
 C - a wand of digging (6)
 D - a wand of polymorph (10)
 G - a wand of paralysis (8)
Scrolls
 e - 3 scrolls of enchant armour
 g - 5 scrolls of remove curse
 h - 2 scrolls of blinking
 i - 8 scrolls of identify
 k - a scroll of magic mapping
 l - a scroll of fear
 n - 2 scrolls of amnesia
 o - 4 scrolls of teleportation
 w - a scroll of immolation
Potions
 f - 3 potions of brilliance
 j - a potion of flight
 x - 2 potions of curing
 A - a potion of mutation
 I - a potion of resistance
Comestibles
 d - 37 rations
 z - a chunk of flesh


   Skills:
 + Level 7.4 Fighting
 * Level 12.4 Maces & Flails
 + Level 5.1 Armour
 + Level 4.0 Dodging
 + Level 5.0 Shields
 - Level 6.3 Unarmed Combat
 + Level 6.9 Invocations


You had 11 spell levels left.
You didn't know any spells.
Your spell library contained the following spells:

 Spells                   Type           Power        Failure   Level  Hunger
 Corona                   Hex            #......      100%        1    ##.....
 Ensorcelled Hibernation  Hex/Ice        #.....       100%        2    ###....
 Sticks to Snakes         Tmut           #.......     100%        2    ###....
 Confuse                  Hex            #.......     100%        3    ####...
 Dazzling Spray           Conj/Hex       #.....       100%        3    ####...
 Tukima's Dance           Hex            #.......     100%        3    ####...
 Beastly Appendage        Tmut           Unusable     N/A         1    N/A
 Spider Form              Tmut/Pois      Unusable     N/A         3    N/A
 Ice Form                 Ice/Tmut       Unusable     N/A         4    N/A
 Blade Hands              Tmut           Unusable     N/A         5    N/A

Dungeon Overview and Level Annotations

Branches:
Dungeon (9/15)             Temple (1/1) D:4            Lair (2/6) D:9
Gauntlet (1/1)
  Swamp: Lair:2-4    Shoals: Lair:2-4     Snake: Lair:2-4    Spider: Lair:2-4
    Orc: D:9-12

Altars:
Ashenzari
Cheibriados
Dithmenos
Elyvilon
Fedhas
Gozag
Hepliaklqana
Kikubaaqudgha
Makhleb
Nemelex Xobeh
Okawaru
Qazlal
Ru
Sif Muna
Trog
Uskayaw
Vehumet
Wu Jian
Xom
Yredelemnul
Zin
The Shining One

Annotations:
Lair:2 exclusion: 2 oklob plants Gauntlet 21 runed translucent doors, 4 transporters


Innate Abilities, Weirdness & Mutations

Your body is rotting away.
You thrive on raw meat.
You are immune to poison.
You have sharp fingernails.
You are carnivorous and can eat meat at any time.
Your flesh is cold resistant. (rC+)
You are immune to negative energy. (rN+++)
You do not regenerate when monsters are visible.
You are immune to unholy pain and torment.
You can survive without breathing.


Message History

You hit the minotaur but do no damage.
The minotaur is heavily wounded.
Your ufetubus hits the minotaur but does no damage. x2
You hit the minotaur but do no damage.
The minotaur is heavily wounded.
The minotaur hits you with the +8 glaive of the Guard {elec, +Rage AC+5 SInv}!!
You are electrocuted!
* * * LOW HITPOINT WARNING * * *
You block the minotaur's attack.
Your ufetubus hits the minotaur but does no damage. x2
Your ynoxinul closely misses the minotaur.
The minotaur furiously retaliates!
The minotaur headbutts your ynoxinul!
You fade into invisibility!
Your ufetubus completely misses the minotaur.
Your ufetubus hits the minotaur but does no damage.
Your ynoxinul hits the minotaur but does no damage.
The minotaur hits you with the +8 glaive of the Guard {elec, +Rage AC+5 SInv}!!
* * * LOW HITPOINT WARNING * * *
You are electrocuted!!
You die...

###..# #####..#
#≈8≈#..# #...#..#
#.8.#..#
#############...#..#
#..........##.8.#..#
#.########.##...#..#
#.#@355(.#.##...#..#
#.#H####.#.##.©.#≈..
#.#5. #.#......#∩..
#.######.####.©.#§..
#........# #...#..#
########## #...#..#
#.8.#..# #...#..#
#.8.#..#


You could see a minotaur, a friendly ynoxinul and 3 friendly ufetubi.

Vanquished Creatures
  A death ooze (Gauntlet)
  A hydra (Lair:2)
  A tengu warrior (Gauntlet)
  A fire crab (Gauntlet)
  Pikel (D:9)
  A black mamba (Lair:2)
  3 spiny frogs
  A komodo dragon (Lair:2)
  3 hippogriffs
  A centaur simulacrum (Gauntlet)
  2 wyverns
  4 fire bats (Gauntlet)
  A yak (D:9)
  2 hungry ghosts
  A basilisk (Lair:1)
  3 water moccasins
  3 porcupines
  3 ice beasts
  4 orc warriors
  A black bear (D:8)
  A phantom (D:8)
  4 ogres
  2 wolves (Lair:2)
  3 centaurs
  2 crocodiles (Lair:2)
  The ghost of Mrkan the Shield-Bearer, an amateur GrFi (D:3)
  3 big kobolds
  11 bullfrogs
  A hornet simulacrum (Gauntlet)
  2 scorpions
  3 killer bees (D:9)
  6 wights
  5 crimson imps
  2 centaur zombies
  9 hounds
  A bullfrog zombie (D:7)
  A jelly (D:6)
  A bullfrog skeleton (D:7)
  A gnoll shaman (D:6)
  4 orc priests
  A centaur skeleton (D:8)
  4 iguanas
  6 orc wizards
  3 worker ants
  3 hound skeletons
  A worker ant zombie (D:4)
  4 gnolls (D:6)
  11 adders
  3 shadow imps
  An ooze (D:3)
  2 adder skeletons (D:7)
  2 dart slugs
  4 leopard geckos
  19 orcs
  2 ball pythons
  6 bats
  5 giant cockroaches
  6 goblins
  6 hobgoblins
  7 jackals
  5 kobolds
  5 quokkas
  8 frilled lizards
  A jackal skeleton (D:8)
  A leopard gecko skeleton (D:4)
  2 quokka zombies
  3 rats
222 creatures vanquished.

Vanquished Creatures (collateral kills)
  2 hydras (Lair:1)
  2 spiny frogs
  A tengu conjurer (Gauntlet)
  3 wolves (Lair:2)
  A centaur simulacrum (Gauntlet)
9 creatures vanquished.

Vanquished Creatures (others)
  3 slaves (D:9)
  An adder zombie (D:9)
  A kobold (D:9)
5 creatures vanquished.

Grand Total: 236 creatures vanquished

Notes
Turn   | Place    | Note
-------+----------+-------------------------------------------
     0 | D:1      | skelma the Ghoul Fighter began the quest for the Orb.
     0 | D:1      | Reached XP level 1. HP: 19/19 MP: 0/0
   117 | D:1      | Reached XP level 2. HP: 26/26 MP: 1/1
   563 | D:2      | Reached XP level 3. HP: 25/33 MP: 2/2
   805 | D:2      | Found a blossoming altar of Fedhas.
   865 | D:2      | Reached XP level 4. HP: 34/40 MP: 3/3
  1168 | D:3      | Reached skill level 1 in Dodging
  1207 | D:3      | Found a shattered altar of Ashenzari.
  1287 | D:3      | Found a faded altar of an unknown god.
  1382 | D:3      | Found a runed translucent door.
  1383 | D:3      | Noticed a bullfrog
  1384 | D:3      | Noticed Mrkan's ghost (amateur GrFi)
  1560 | D:3      | Reached XP level 5. HP: 47/47 MP: 4/4
  1567 | D:3      | Killed Mrkan's ghost
  1567 | D:3      | Reached XP level 6. HP: 55/55 MP: 5/5
  1985 | D:4      | Found an opulent altar of Gozag.
  2032 | D:4      | Reached skill level 5 in Fighting
  2237 | D:4      | Reached XP level 7. HP: 54/61 MP: 6/6
  2862 | D:4      | Found a staircase to the Ecumenical Temple.
  2873 | D:4      | Reached skill level 5 in Unarmed Combat
  2879 | Temple   | Entered the Ecumenical Temple
  3076 | Temple   | Became a worshipper of Makhleb the Destroyer
  3186 | D:5      | Entered Level 5 of the Dungeon
  3567 | D:5      | Found a sacrificial altar of Ru.
  3814 | D:6      | Reached XP level 8. HP: 52/68 MP: 7/7
  3846 | D:6      | Reached * piety under Makhleb
  4304 | D:6      | Reached skill level 1 in Maces & Flails
  4336 | D:6      | Reached skill level 2 in Maces & Flails
  4353 | D:6      | Reached skill level 3 in Maces & Flails
  4405 | D:6      | Reached XP level 9. HP: 73/78 MP: 8/8
  4410 | D:6      | Reached skill level 4 in Maces & Flails
  4844 | D:7      | Reached ** piety under Makhleb
  4895 | D:7      | Reached skill level 1 in Invocations
  4970 | D:7      | Reached skill level 5 in Maces & Flails
  5399 | D:7      | Found a white marble altar of Elyvilon.
  5406 | D:7      | Found a snail-covered altar of Cheibriados.
  5410 | D:7      | Found a basalt altar of Yredelemnul.
  5412 | D:7      | Found a hide-covered altar of Uskayaw.
  5412 | D:7      | Found a stormy altar of Qazlal.
  5412 | D:7      | Found a sparkling altar of Nemelex Xobeh.
  5430 | D:7      | Found an iron altar of Okawaru.
  5431 | D:7      | Found an ancient bone altar of Kikubaaqudgha.
  5432 | D:7      | Found a shimmering blue altar of Sif Muna.
  5858 | D:8      | Reached skill level 6 in Maces & Flails
  5906 | D:8      | Reached skill level 5 in Invocations
  5980 | D:8      | Reached XP level 10. HP: 75/82 MP: 13/13
  6106 | D:8      | Reached skill level 7 in Maces & Flails
  6167 | D:8      | Reached *** piety under Makhleb
  6433 | D:8      | Found an opulent altar of Gozag.
  6433 | D:8      | Found a glowing silver altar of Zin.
  6645 | D:9      | Noticed Pikel
  6675 | D:9      | Killed Pikel
  6675 | D:9      | Reached skill level 8 in Maces & Flails
  6745 | D:9      | Found a sparkling altar of Nemelex Xobeh.
  6852 | D:9      | Reached skill level 9 in Maces & Flails
  7058 | D:9      | Found a staircase to the Lair.
  7076 | Lair:1   | Entered Level 1 of the Lair of Beasts
  7133 | Lair:1   | Noticed a spiny frog
  7156 | Lair:1   | Killed a spiny frog
  7168 | Lair:1   | Noticed a seven-headed hydra
  7170 | Lair:1   | Noticed a spiny frog
  7176 | Lair:1   | Killed a seven-headed hydra
  7176 | Lair:1   | Reached skill level 10 in Maces & Flails
  7179 | Lair:1   | Killed a spiny frog
  7181 | Lair:1   | Reached XP level 11. HP: 79/91 MP: 14/14
  7439 | Lair:1   | Noticed an eight-headed hydra
  7448 | Lair:1   | Killed an eight-headed hydra
  7448 | Lair:1   | Reached skill level 11 in Maces & Flails
  7810 | Lair:2   | Noticed an oklob plant
  7810 | Lair:2   | Noticed an oklob plant
  7827 | Lair:2   | Noticed a seven-headed hydra
  7846 | Lair:2   | Killed a seven-headed hydra
  8042 | Lair:2   | Reached skill level 12 in Maces & Flails
  8075 | Lair:2   | Found a gate leading to a gauntlet.
  8097 | Gauntlet | Entered a Gauntlet
  8097 | Gauntlet | Found a large runed translucent door.
  8097 | Gauntlet | Found a large runed translucent door.
  8097 | Gauntlet | Found a large runed translucent door.
  8097 | Gauntlet | Found a large runed translucent door.
  8097 | Gauntlet | Found a large runed translucent door.
  8097 | Gauntlet | Found a large runed translucent door.
  8097 | Gauntlet | Found a large runed translucent door.
  8097 | Gauntlet | Found a large runed translucent door.
  8097 | Gauntlet | Found a runed translucent door.
  8097 | Gauntlet | Found a runed translucent gate.
  8097 | Gauntlet | Found a transporter.
  8097 | Gauntlet | Found a transporter.
  8097 | Gauntlet | Found a runed translucent gate.
  8097 | Gauntlet | Found a transporter.
  8097 | Gauntlet | Found a transporter.
  8097 | Gauntlet | Noticed a hell beast
  8097 | Gauntlet | Noticed a death ooze
  8101 | Gauntlet | Found a transporter.
  8112 | Gauntlet | Found a transporter.
  8115 | Gauntlet | Found a transporter.
  8118 | Gauntlet | Found a transporter.
  8121 | Gauntlet | Noticed a fire crab
  8122 | Gauntlet | Found a transporter.
  8128 | Gauntlet | Noticed a tengu warrior
  8129 | Gauntlet | Found a transporter.
  8130 | Gauntlet | Found a transporter.
  8147 | Gauntlet | Noticed a blizzard demon
  8148 | Gauntlet | Found a transporter.
  8179 | Gauntlet | Found a runed translucent gate.
  8180 | Gauntlet | Found a large runed translucent door.
  8180 | Gauntlet | Found a large runed translucent door.
  8181 | Gauntlet | Found a large runed translucent door.
  8182 | Gauntlet | Found a large runed translucent door.
  8183 | Gauntlet | Found a large runed translucent door.
  8183 | Gauntlet | Found a large runed translucent door.
  8183 | Gauntlet | Found a runed translucent door.
  8184 | Gauntlet | Found a large runed translucent door.
  8185 | Gauntlet | Found a large runed translucent door.
  8526 | Gauntlet | Killed a death ooze
  8563 | Gauntlet | Killed a fire crab
  8593 | Gauntlet | Reached skill level 5 in Armour
  8632 | Gauntlet | Killed a tengu warrior
  8632 | Gauntlet | Reached XP level 12. HP: 98/100 MP: 16/16
  8643 | Gauntlet | Reached skill level 5 in Shields
  8747 | Gauntlet | Identified the ring of Dyleu {rN+ rCorr Str+4 Dex+3 Slay+3
                  | Stlth+}
  8747 | Gauntlet | Noticed a minotaur
  8763 | Gauntlet | HP: 4/100 [minotaur/the +8 glaive of the Guard {elec, +Rage
                  | AC+5 SInv} (18)]
  8763 | Gauntlet | Demolished by a minotaur

Levels and vault maps discovered:
D:1:      lightli_iron_boxes, layout_loops_ring
D:2:      layout_rooms, mrwooster_statue_mirror, fedhas_altar_3
D:3:      layout_loops_ring, evilmike_ruin_ashenzari, ebering_ghost_sewer_d,
          chequers_ecumenical_altar_simple, kennysheep_minor_cross
D:4:      layout_cave_pools, minmay_temple_entry_nine_rooms, first_ration,
          st_stairs_3, dk_noncrumbling_2, kennysheep_decorative_pillar,
          nicolae_gozag_seed_capital
D:5:      layout_rooms, nicolae_ru_path_of_blood, lemuel_flame_loot_1
D:6:      kennysheep_windowed_halls, layout_loops_ring,
          minmay_misc_feat_columns, solitary_fountain
D:7:      layout_gridville, minitemple, grunt_ogre_cave
D:8:      layout_loops_ring, grunt_temple_overflow_gold_and_silver, minmay_bent
D:9:      layout_basic, grunt_lair_entry_orc_guard_hut, nemelex_altar_shiori,
          uniq_pikel
Temple:   grunt_temple_mini_profane
Lair:1:   layout_regular_city, patterned_corridor, lemuel_fruit_tree,
          grunt_megastairs_1
Lair:2:   layout_roguey, gauntlet_entry_generic, infiniplex_staircase_pool_2,
          grunt_megastairs_3, minmay_lair_oklob_chamber, serial_bayou_shore_b
Gauntlet: gammafunk_gauntlet_shortcut
          [minmay_gauntlet_arena_make_your_own_arena,
          nicolae_gauntlet_arena_quarters, gammafunk_gauntlet_arena_corners,
          nicolae_gauntlet_arena_flowing_pool, nicolae_gauntlet_arena_x,
          nicolae_gauntlet_arena_t_cross, gauntlet_exit_spiral]

Skill      XL: |  1  2  3  4  5  6  7  8  9 10 11 12 |
---------------+-------------------------------------+-----
Unarmed Combat | 3 4 5 6 |  6.3
Fighting       | 4 5 6 7 |  7.4
Armour         | 3 4 5 |  5.1
Shields        | 3 4 5 |  5.0
Dodging        | 1 2 3 4 |  4.0
Maces & Flails | 3 6 10 12 | 12.4
Invocations    | 5 6 |  6.9

Action                   |  1- 3 |  4- 6 |  7- 9 | 10-12 || total
-------------------------+-------+-------+-------+-------++-------
Melee: Unarmed           |   103 |   131 |   514 |       ||   748
       Demon whip        |       |       |   105 |   465 ||   570
Invok: Lesser Servant of |       |       |       |     5 ||     5
  Use: Potion            |       |     4 |     5 |     7 ||    16
       Scroll            |       |     7 |     4 |     1 ||    12
 Stab: Invisible         |       |       |       |     2 ||     2
       Distracted        |       |       |       |     1 ||     1
  Eat: Chunk             |     2 |     4 |    38 |    18 ||    62
Armor: Scale mail        |    38 |     1 |       |       ||    39
       Chain mail        |       |    54 |   118 |       ||   172
       Plate armour      |       |       |   152 |   221 ||   373
Dodge: Dodged            |    20 |    27 |   104 |    87 ||   238
Block: Shield            |    47 |    51 |   253 |   218 ||   569
